 Dungeon Crawl Stone Soup version 0.29-a0-632-g781b4ac09e (webtiles) character file.

Game seed: 13737782032387145667

31 Bnni the Cudgeller (level 3, 0/8 (33) HPs)
             Began as a Meteoran Fighter on June 19, 2022.
             Was an Initiate of Gozag.
             Slain by a goblin
             ... wielding a +0 club
              (2 damage)
             ... on level 1 of the Dungeon.
             The game lasted 00:03:26 (888 turns).

Bnni the Cudgeller (Meteoran Fighter)                Turns: 888, Time: 00:03:27

HP:   0/8 (33)      AC:  6    Str: 19    XL:     3   Next: 61%
MP:   4/4           EV:  9    Int: 10    God:    Gozag
Gold: 152           SH:  5    Dex: 13    Spells: 2/2 levels left

rFire   . . .      SeeInvis .   h - +0 broad axe
rCold   . . .      Faith    .   c - +0 buckler
rNeg    . . .      Spirit   .   b - +0 scale mail
rPois   .          Reflect  .   (no helmet)
rElec   .          Harm     .   (no cloak)
rCorr   .          Rampage  .   (no gloves)
Will    .....                   (no boots)
Stlth   ..........              (no amulet)
HPRegen 0.02/turn               (no ring)
MPRegen 0.09/turn               (no ring)

@: gold aura, glowing, extremely drained, bezotted
A: sense surroundings 1, otherworldly, glowing, explore regen
a: Renounce Religion, Potion Petition, Call Merchant, Bribe Branch


You were on level 1 of the Dungeon.
You worshipped Gozag.
Gozag was aware of your devotion.
You visited 1 branch of the dungeon, and saw 1 of its levels.

You collected 152 gold pieces.

Inventory:

Hand Weapons
 a - a +0 flail
 h - a +0 broad axe (weapon)
Armour
 b - a +0 scale mail (worn)
 c - a +0 buckler (worn)
Scrolls
 f - a scroll of blinking {unknown}
 g - a scroll of poison {unknown}
 j - a scroll of torment {unknown}
 k - a scroll of identify {unknown}
Potions
 d - a potion of might
 e - a potion of haste {unknown}
 i - a potion of cancellation {unknown}
 l - a potion of mutation {unknown}


   Skills:
 + Level 3.8 Fighting
 * Level 4.2 Maces & Flails
 - Level 3.6 Armour
 - Level 3.6 Shields


You had 2 spell levels left.
You didn't know any spells.
Your spell library was empty.

Dungeon Overview and Level Annotations

Branches:
Dungeon (1/15) Zot: 76

Altars:
Gozag


Innate Abilities, Weirdness & Mutations

You passively map a small area around you.
You are easily found by Zot.
You glow in the dark.
You regain HP and MP as you explore.


Message History

The ball python bites you. The ball python grabs you.
The ball python constricts you.
The ball python bites you but does no damage.
The ball python constricts you.
You barely miss the ball python.
The ball python bites you but does no damage.
The ball python constricts you.
You hit the ball python.
You kill the ball python!
No target in view!
You now have 135 gold pieces (gained 3).
You now have 145 gold pieces (gained 10).
Found 4 stones.
Found a stone staircase leading down.
You see here 4 poisoned darts.
You have lingered too long.
Zot senses you.
Dive deeper or flee this branch before you suffer!
A giant cockroach comes into view.
You closely miss the giant cockroach. The giant cockroach bites you.
The giant cockroach bites you but does no damage.
You closely miss the giant cockroach. The giant cockroach bites you.
The giant cockroach closely misses you.
You slash the giant cockroach!
You kill the giant cockroach!
No target in view!
A goblin comes into view. It is wielding a +0 club.
The goblin shouts!
The goblin is distracted by your dazzling golden aura.
You see here 7 gold pieces.
You now have 152 gold pieces (gained 7).
There are no items here.
The goblin is no longer distracted by gold.
The goblin hits you but does no damage.
You closely miss the goblin. The goblin hits you with a +0 club.
* * * LOW HITPOINT WARNING * * *
You are too injured to fight recklessly!
You are too injured to fight recklessly!
You are too injured to fight recklessly!
You barely miss the goblin. The goblin hits you but does no damage.
The goblin hits you with a +0 club.
You die...
Your body crumbles into a pile of gold.

#...#.≈..≈§.≈.###
##...'####§####'.#
##########...##.≈..≈..≈.#.# *
.............##.≈..≈..≈.#.# *
##########....#.)..≈....#.#######
######....(....#.....>..
###########.....).. #########.#
#.#.##..).# #......@g.#
#.#.###.#.# #.######### #.#.#
#.... #.# #>#.# #..#. #.# #.#.#
#.... #.# #.#.# #.#.# #.#
#(#.###.#)# #########.#
#.#........ #.........#
#.#.....### #.#########
########.#.#####


You could see a goblin.

Vanquished Creatures
  4 endoplasms (D:1)
  3 giant cockroaches (D:1)
  2 goblins (D:1)
  A hobgoblin (D:1)
  4 jackals (D:1)
  A quokka (D:1)
  2 ball pythons (D:1)
  4 bats (D:1)
  2 frilled lizards (D:1)
  2 kobolds (D:1)
  2 rats (D:1)
27 creatures vanquished.

Notes
Turn   | Place    | Note
-------+----------+-------------------------------------------
     0 | D:1      | Bnni the Meteoran Fighter began the quest for the Orb.
     0 | D:1      | Reached XP level 1. HP: 19/19 MP: 2/2
    88 | D:1      | Reached skill level 3 in Maces & Flails
    89 | D:1      | Reached XP level 2. HP: 21/26 MP: 3/3
   320 | D:1      | Found a faded altar of an unknown god.
   334 | D:1      | Reached XP level 3. HP: 27/31 MP: 4/4
   339 | D:1      | Prayed at the altar of an unknown god.
   339 | D:1      | Became a worshipper of Gozag Ym Sagoz the Greedy
   475 | D:1      | Glimpsed the power of Zot.
   525 | D:1      | Glimpsed the power of Zot.
   565 | D:1      | Glimpsed the power of Zot.
   574 | D:1      | Touched by the power of Zot.
   660 | D:1      | Reached skill level 4 in Maces & Flails
   674 | D:1      | Glimpsed the power of Zot.
   720 | D:1      | Glimpsed the power of Zot.
   759 | D:1      | Glimpsed the power of Zot.
   768 | D:1      | Glimpsed the power of Zot.
   769 | D:1      | Touched by the power of Zot.
   868 | D:1      | Glimpsed the power of Zot.
   888 | D:1      | Slain by a goblin

Illustrated notes

Levels and vault maps discovered:
D:1:      heliophobic_arrival_enchanted_forest, layout_loops_ring,
          shapermc_ecumenical_altar_notcrosses, kennysheep_doodads

Skill      XL: |  1  2  3 |
---------------+----------+-----
Maces & Flails | 3 4 |  4.2
Fighting       | |  3.8
Armour         | |  3.6
Shields        | |  3.6

Action                   || total
-------------------------++-------
Melee: Broad axe         ||    63
       Flail             ||     4
Armor: Scale mail        ||    63
Dodge: Dodged            ||    29
Block: Buckler           ||    17

Table legend: (Time is in decaauts)
 A = Elapsed time spent in this place.
 B = Non-inter-level travel time spent in this place.
 C = Inter-level travel time spent in this place.
 D = Time resting spent in this place.
 E = Time spent auto-exploring this place.
 F = Levels seen in this place.
 G = Mean time per level.
                   A        B        C        D        E       F      G
               +--------+--------+--------+--------+--------+-----+--------+
         Total |    922 |    880 |     42 |    100 |    495 |   1 |  922.0 |
       Dungeon |    922 |    880 |     42 |    100 |    495 |   1 |  922.0 |
               +--------+--------+--------+--------+--------+-----+--------+

Top non-repeatable levels by time:
     D:1: 922 daAuts
